AoeStats
← tbzachary

Golden Pit

507207686Analyzed
1v1 RM · 16d ago on Sep 17, 2026· 47m 25s· 2 players
Game mode
Random Map
Map size
Tiny (2 player)
Population
200
Speed
Normal
Resources
Standard
Victory
Conquest
Starting age
Dark Age
Ending age
Imperial Age
RankedLock teamsTeams togetherTeam positionsShared explorationLock speedFull tech treeHidden civsTurbo modeCheats
Victory
Defeat
🇺🇸 Mongols · United States
775
+17
🇦🇷 Saracens · Argentina
793
-17
tbzachary
4:54 Loom
10:33 Feudal Age
13:42 Wheelbarrow
15:10 Horse Collar
15:18 Double-Bit Axe
20:40 Castle Age
19:14 Fletching
21:20 Padded Archer Armor
21:54 Bodkin Arrow
25:12 Bow Saw
26:23 Scale Barding Armor
26:29 Forging
26:31 Husbandry
26:49 Town Watch
27:46 Chain Barding Armor
27:46 Bloodlines
28:36 Leather Archer Armor
31:25 Hand Cart
33:50 Iron Casting
39:17 Imperial Age
38:22 Gold Mining
38:22 Stone Mining
40:25 Drill
41:00 Elite Mangudai
41:09 Onager
41:53 Bracer
43:13 Siege Onager
43:19 Heavy Camel Rider
HazelPrince9338
11:08 Feudal Age
12:48 Wheelbarrow
11:59 Double-Bit Axe
12:59 Loom
14:35 Horse Collar
17:37 Man-at-Arms
18:14 Gold Mining
19:24 Fletching
22:18 Forging
26:51 Castle Age
26:02 Stone Mining
29:08 Iron Casting
28:09 Pikeman
29:31 Elite Skirmisher
33:10 Hand Cart
32:59 Padded Archer Armor
35:57 Bow Saw
36:05 Leather Archer Armor
35:47 Bodkin Arrow
40:52 Imperial Age
41:02 Imperial Age
39:36 Husbandry
43:06 Heavy Plow
43:46 Gold Shaft Mining
44:07 Conscription
43:49 Elite Mameluke
44:36 Elite Mameluke
Connection lost

Rejoining the realm…

Still unreachable

The connection could not be restored.

Session expired

The server has moved on; the page needs a fresh start.